 Dungeon Crawl Stone Soup version 0.30-a0-371-gad7725a93e (webtiles) character file.

Game seed: 12871267056920173784

35 themarg the Conjurer (level 3, -1/26 HPs)
             Began as a Draconian Conjurer on Nov 20, 2022.
             Slain by a worm (9 damage)
             ... on level 2 of the Dungeon.
             The game lasted 00:06:07 (1574 turns).

themarg the Conjurer (Draconian Conjurer)           Turns: 1574, Time: 00:06:08

Health: -1/26      AC:  5    Str:  9    XL:     3   Next: 16%
Magic:  0/7        EV: 12    Int: 20    God:
Gold:   56         SH:  0    Dex:  9    Spells: 4/7 levels left

rFire   . . .      SeeInvis .    d - +0 dagger
rCold   . . .      Faith    .    (no shield)
rNeg    . . .      Spirit   .    (body armour unavailable)
rPois   .          Reflect  .    (helmet restricted)
rElec   .          Harm     .    (no cloak)
rCorr   .          Rampage  .    (no gloves)
Will    .....                    (no boots)
Stlth   ++........               (no amulet)
HPRegen 0.24/turn                (no ring)
MPRegen 0.10/turn                (no ring)

@: no status effects
A: AC +5, unfitting armour, cold-blooded
a: no special abilities


You were on level 2 of the Dungeon.
You visited 1 branch of the dungeon, and saw 2 of its levels.

You collected 56 gold pieces.

Inventory:

Hand Weapons
 d - a +0 dagger (weapon)
Missiles
 g - 7 stones
 k - 5 javelins
Jewellery
 e - a +4 ring of protection
Scrolls
 b - a scroll of silence {unknown}
 c - a scroll of poison {unknown}
 i - a scroll of noise {unknown}
 j - a scroll of identify {unknown}
Potions
 a - a potion of magic
 f - 2 potions of flight {unknown}
 h - a potion of cancellation {unknown}


   Skills:
 - Level 1.7 Dodging
 + Level 2.2 Stealth
 * Level 2.8 Spellcasting
 + Level 4.2 Conjurations


You had 4 spell levels left.
You knew the following spells:

 Your Spells              Type           Power      Damage    Failure   Level
a - Magic Dart            Conj           80%        1d7       2%          1
b - Searing Ray           Conj           40%        2d5       3%          2

Your spell library contained the following spells:

 Spells                   Type           Power      Damage    Failure   Level
 Dazzling Flash           Conj/Hex       22%        N/A       19%         3
 Fulminant Prism          Conj/Hex       5%         3d6       52%         4
 Iskenderun's Mystic Bla  Conj/Tloc      11%        2d4       52%         4


Dungeon Overview and Level Annotations

Branches:
Dungeon (2/15)

Altars:


Innate Abilities, Weirdness & Mutations

Your plain brown scales are hard. (AC +5)
You cannot fit into any form of body armour.
You are cold-blooded and may be slowed by cold attacks.


Message History

Okay, then.
Found a fuming emerald potion.
Casting: Magic Dart (safe; 2% risk of failure)
Confirm with . or Enter, or press ? or * to list all spells.
Aiming: Searing Ray (safe; 3% risk of failure)
Press: ? - help, Shift-Dir - straight line, f/p - worm
Aim: a worm (92% to hit)
The searing ray misses the worm. (Press . to maintain the ray.)
The searing ray hits the worm.
The worm is moderately wounded.
The searing ray hits the worm.
The worm is heavily wounded.
Without enough magic to sustain it, your searing ray dissipates.
The worm bites you.
You hit the worm.
The worm is heavily wounded.
You hit the worm.
The worm is heavily wounded.
The worm bites you.
You hit the worm.
Your tail-slap misses the worm.
The worm is heavily wounded.
The worm bites you.
You hit the worm but do no damage.
Your tail-slap misses the worm.
The worm is heavily wounded.
You hit the worm.
The worm is severely wounded.
The worm bites you!
Casting: Searing Ray (safe; 3% risk of failure)
Confirm with . or Enter, or press ? or * to list all spells.
Aiming: Magic Dart (safe; 2% risk of failure)
Press: ? - help, Shift-Dir - straight line, f/p - worm
Aim: a worm (heavily wounded, 100% to hit)
The magic dart hits the worm.
The worm is severely wounded.
You hit the worm but do no damage.
You tail-slap the worm, but do no damage.
The worm is severely wounded.
The worm bites you!
You die...

..# #.# #.# #.#
..# #.# #.# #.#
#.# #.# #+# #.#
#.#
#.###############
#........w@....!#
#.##.##########.#
##.###.###.###
#.............
...##.###w###.#
###.#.. ... #...
#.# #.#. ..# ...#
...


You could see a worm.

Vanquished Creatures
  3 ball pythons
  2 endoplasms (D:1)
  2 giant cockroaches (D:1)
  4 hobgoblins
  8 jackals
  2 bats
  2 frilled lizards (D:1)
  4 goblins (D:1)
  A rat (D:1)
28 creatures vanquished.

Notes
Turn   | Place    | Note
-------+----------+-------------------------------------------
     0 | D:1      | themarg the Draconian Conjurer began the quest for the Orb.
     0 | D:1      | Reached XP level 1. HP: 14/14 MP: 3/3
   394 | D:1      | Reached XP level 2. HP: 20/20 MP: 0/5
   538 | D:1      | Learned a level 2 spell: Searing Ray
  1235 | D:2      | Found a faded altar of an unknown god.
  1236 | D:2      | Noticed a floating eye
  1238 | D:2      | Noticed a shining eye
  1238 | D:2      | Noticed an eye of devastation
  1238 | D:2      | Noticed a shining eye
  1335 | D:2      | Reached XP level 3. HP: 26/26 MP: 2/7
  1574 | D:2      | Slain by a worm

Illustrated notes

Levels and vault maps discovered:
D:1:      minmay_arrival_checkered_box, layout_basic
D:2:      layout_basic, hellmonk_ecumenical_altar_watching_god,
          nicolae_concentric_dashed_squares_mild

Skill      XL: |  1 |
---------------+----+-----
Stealth        | 2 |  2.2
Dodging        | |  1.7
Spellcasting   | |  2.8
Conjurations   | |  4.2

Action                   || total
-------------------------++-------
Melee: Dagger            ||    33
       Tailslap          ||     1
 Cast: Magic Dart        ||    47
       Searing Ray       ||     5
Armor: Skin              ||    10
Dodge: Dodged            ||    27

Table legend: (Time is in decaauts)
 A = Elapsed time spent in this place.
 B = Non-inter-level travel time spent in this place.
 C = Inter-level travel time spent in this place.
 D = Time resting spent in this place.
 E = Time spent auto-exploring this place.
 F = Levels seen in this place.
 G = Mean time per level.
                   A        B        C        D        E       F      G
               +--------+--------+--------+--------+--------+-----+--------+
         Total |   1573 |   1573 |      0 |    114 |   1218 |   2 |  786.5 |
       Dungeon |   1573 |   1573 |      0 |    114 |   1218 |   2 |  786.5 |
               +--------+--------+--------+--------+--------+-----+--------+

Top non-repeatable levels by time:
     D:1: 1179 daAuts
     D:2: 393 daAuts
